 Dungeon Crawl Stone Soup version 0.19.1-1-g22dce08 (webtiles) character file.

652 RedPan the Chiller (level 7, 0/36 HPs)
             Began as a Deep Elf Ice Elementalist on Dec 30, 2016.
             Was an Initiate of Vehumet.
             Slain by a phantom (7 damage)
             ... on level 8 of the Dungeon.
             The game lasted 00:16:40 (7114 turns).

RedPan the Chiller (Deep Elf Ice Elementalist)      Turns: 7114, Time: 00:16:41

Health: 0/36       AC:  5    Str:  5    XL:     7   Next: 28%
Magic:  10/16      EV: 12    Int: 22    God:    Vehumet [......]
Gold:   179        SH:  3    Dex: 15    Spells: 5 memorised, 2 levels left

rFire  . . .     SeeInvis .     g - +2 dagger (venom)
rCold  . . .     Gourm    .     y - +2 robe {MR+}
rNeg   . . .     Faith    .     j - +0 buckler
rPois  .         Spirit   .     p - +0 helmet
rElec  .         Reflect  .     (no cloak)
rCorr  .         Harm     .     (no gloves)
MR     +....                    (no boots)
Stlth  ++........               (no amulet)
                                (no ring)
                                v - ring of wizardry

@: no status effects
A: no striking features
a: Renounce Religion


You were on level 8 of the Dungeon.
You worshipped Vehumet.
Vehumet was noncommittal.
You were hungry.

You visited 2 branches of the dungeon, and saw 10 of its levels.

You collected 179 gold pieces.

Inventory:

Hand Weapons
 g - a +2 dagger of venom (weapon)
 A - a +1 dagger of draining
Armour
 j - a +0 buckler (worn)
 p - a +0 helmet (worn)
 y - a +2 robe of magic resistance (worn)
Jewellery
 v - a ring of wizardry (left hand)
Wands
 w - a wand of flame (12/48)
 x - a wand of flame (26/48)
Scrolls
 a - a scroll of vulnerability {unknown}
 d - 2 scrolls of remove curse
 e - a scroll of identify
 f - a scroll of noise
 q - 3 scrolls of teleportation
 t - a scroll of fog
Potions
 h - a potion of flight
 l - a potion of agility
 m - a potion of cancellation
 o - 2 potions of brilliance
 r - a potion of might {unknown}
 s - a potion of haste {unknown}
 z - a potion of curing {unknown}
Books
 b - a book of Frost

   Spells                             Type                      Level
   a - Freeze                         Ice                          1
   b - Throw Frost                    Conjuration/Ice              2
   c - Ozocubu's Armour               Charms/Ice                   3
   d - Throw Icicle                   Conjuration/Ice              4
   e - Summon Ice Beast               Ice/Summoning                4
 u - a book of Cantrips

   Spells                             Type                      Level
   a - Confusing Touch                Hexes                        1
   b - Animate Skeleton               Necromancy                   1
   c - Summon Small Mammal            Summoning                    1
   d - Apportation                    Translocation                1
Comestibles
 c - 5 bread rations
 i - 5 fruits
 n - a beef jerky


   Skills:
 - Level 2.4 Dodging
 - Level 2.4 Stealth
 + Level 5.0 Spellcasting
 - Level 4.0 Conjurations
 - Level 2.4 Charms
 - Level 3.0 Summonings
 + Level 6.6 Ice Magic


You had 2 spell levels left.
You knew the following spells:

 Your Spells              Type           Power        Failure   Level  Hunger
a - Freeze                Ice            ####         1%          1    None
b - Throw Frost           Conj/Ice       ####..       1%          2    None
c - Ozocubu's Armour      Chrm/Ice       ####....     4%          3    ##.....
d - Summon Ice Beast      Ice/Summ       ####....     10%         4    ####...
e - Throw Icicle          Conj/Ice       ####....     9%          4    ####...


Dungeon Overview and Level Annotations

Branches:
Dungeon (9/15)             Temple (1/1) D:5
   Lair: D:8-11         Orc: D:9-12

Altars:
Ashenzari
Cheibriados
Dithmenos
Elyvilon
Fedhas
Gozag
Hepliaklqana
Kikubaaqudgha
Makhleb
Nemelex Xobeh
Okawaru
Qazlal
Sif Muna
Trog
Uskayaw
Vehumet
Xom
Yredelemnul
Zin
The Shining One

Shops:
D:5 (


Message History

The phantom resists.
There is a stone staircase leading up here.
The phantom hits your ice beast.
The phantom blinks!
You climb upwards.
An orc, an orc warrior and an orc wizard come into view.
The orc is wielding a dagger of venom.
The orc warrior shouts!
Found 9 gold pieces, a beef jerky, a grey potion and 2 fruits.
Found a stone staircase leading down.
There is a stone staircase leading down here.
You climb downwards.
Your ice beast disappears in a puff of smoke!
The phantom closely misses you.
There is a stone staircase leading up here.
Casting: Summon Ice Beast
Confirm with . or Enter, or press ? or * to list all spells.
A chill wind blows around you. The phantom barely misses you.
Your ice beast closely misses the phantom.
The phantom hits you!
You die...

#.....###.......
#....#########..
#....#.......#
##'###ยง#...#.#
#..#.#.......#
#..'.'..Y<...+
#..#.#.......#
###+#.#.#W..#.#
#.....#.@.....#
#...W##########
#....# #....#
#....# #....#
#....# ######


You could see a phantom and a friendly ice beast.

Vanquished Creatures
  2 scorpions (D:4)
  A crimson imp (D:5)
  A hound (D:4)
  An iguana (D:8)
  An orc wizard (D:4)
  2 worker ants
  2 hound skeletons
  3 gnolls (D:3)
  6 adders
  3 worms
  3 dart slugs
  A leopard gecko (D:2)
  5 orcs (D:4)
  3 giant cockroaches
  5 goblins
  7 hobgoblins
  6 jackals
  4 kobolds
  3 quokkas
  3 bats
  7 frilled lizards
  5 rats
74 creatures vanquished.

Vanquished Creatures (collateral kills)
  2 ogres
  An orc wizard (D:5)
  2 orc priests (D:4)
  2 worker ants (D:5)
  2 adders
  5 orcs
14 creatures vanquished.

Grand Total: 88 creatures vanquished

Notes
Turn   | Place    | Note
-------+----------+-------------------------------------------
     0 | D:1      | RedPan the Deep Elf Ice Elementalist began the quest for the Orb.
     0 | D:1      | Reached XP level 1. HP: 10/10 MP: 6/6
   450 | D:1      | Reached skill level 4 in Ice Magic
   450 | D:1      | Reached XP level 2. HP: 15/15 MP: 5/8
   463 | D:1      | Learned a level 2 spell: Throw Frost
   753 | D:1      | You fall through a shaft!
  1084 | D:2      | Reached XP level 3. HP: 19/19 MP: 6/9
  1268 | D:2      | Learned a level 3 spell: Ozocubu's Armour
  1723 | D:2      | Reached skill level 5 in Ice Magic
  1906 | D:2      | Reached skill level 1 in Charms
  2304 | D:3      | Found a faded altar of an unknown god.
  2455 | D:3      | Reached XP level 4. HP: 24/24 MP: 8/10
  3567 | D:3      | Reached XP level 5. HP: 28/28 MP: 5/11
  4137 | D:4      | Learned a level 4 spell: Summon Ice Beast
  4456 | D:4      | Reached XP level 6. HP: 29/32 MP: 6/12
  4756 | D:4      | Reached skill level 1 in Summonings
  4756 | D:4      | Reached skill level 6 in Ice Magic
  5568 | D:5      | Entered Level 5 of the Dungeon
  5568 | D:5      | Found a staircase to the Ecumenical Temple.
  5588 | Temple   | Entered the Ecumenical Temple
  5743 | Temple   | Became a worshipper of Vehumet
  6130 | D:5      | Reached XP level 7. HP: 36/36 MP: 12/15
  6354 | D:5      | Found Ecsuing's Antique Weapon Shop.
  7007 | D:5      | Learned a level 4 spell: Throw Icicle
  7009 | D:6      | You fall through a shaft for 3 floors!
  7078 | D:8      | Reached skill level 5 in Spellcasting
  7114 | D:8      | Slain by a phantom

Skill      XL: |  1  2  3  4  5  6  7 |
---------------+----------------------+-----
Ice Magic      | 4 5 6 |  6.6
Charms         | 1 2 |  2.4
Conjurations   | 2 4 |  4.0
Summonings     | 2 3 |  3.0
Spellcasting   | 4 5 |  5.0
Dodging        | |  2.4
Stealth        | |  2.4

Action                   |  1- 3 |  4- 6 |  7- 9 || total
-------------------------+-------+-------+-------++-------
Melee: Unarmed           |     7 |       |       ||     7
       Spear             |    35 |    45 |       ||    80
       Dagger            |       |    28 |    31 ||    59
 Cast: Freeze            |    41 |    46 |     1 ||    88
       Ozocubu's Armour  |       |     4 |       ||     4
       Throw Frost       |       |     4 |       ||     4
       Summon Ice Beast  |       |     3 |     8 ||    11
  Use: Scroll            |     6 |     8 |     2 ||    16
       Potion            |       |       |     1 ||     1
 Stab: Sleeping          |    10 |     5 |       ||    15
       Distracted        |       |     2 |       ||     2
  Eat: Chunk             |     5 |     6 |     5 ||    16
       Meat ration       |       |     1 |       ||     1
Armor: Robe              |     7 |    20 |     6 ||    33
Dodge: Dodged            |    22 |    63 |    17 ||   102
Block: Buckler           |       |       |     3 ||     3
